 Dungeon Crawl Stone Soup version 0.23.2-33-g5129a83 (webtiles) character file.

Game seed: 5166384774770319506

41484 Balder the Blocker (level 14, 0/94 HPs)
             Began as a Halfling Fighter on July 22, 2019.
             Was a High Priest of Okawaru.
             Slain by a death drake (5 damage)
             ... on level 1 of the Abyss on July 26, 2019.
             The game lasted 02:04:39 (23757 turns).

Balder the Blocker (Halfling Fighter)              Turns: 23757, Time: 02:04:42

Health: 0/94       AC: 17    Str: 18    XL:     14   Next: 50%
Magic:  0/19       EV: 10    Int:  6    God:    Okawaru [*****.]
Gold:   1041       SH: 15    Dex: 18    Spells: 13/13 levels left

rFire    + . .     SeeInvis +   W - +7 hand axe of Greatest Utility {chop, *Contam rElec Dex+2 SInv}
rCold    + . .     Gourm    .   c - +1 shield
rNeg     . . .     Faith    .   p - +0 crystal plate armour
rPois    +         Spirit   +   R - +0 hat "Nudinn" {Regen+ Str+3}
rElec    +         Reflect  .   Q - scarf {repulsion}
rCorr    +         Harm     .   N - +0 pair of gloves
MR       ++...     Rnd*Tele +   (no boots)
Stlth    ..........             h - amulet of guardian spirit
HPRegen  0.65/turn              E - +3 ring of dexterity
MPRegen  0.16/turn              X - ring of protection from magic

@: lethally poisoned (0 -> -14), resistant, heroism, slowed, drained, repel
missiles, very slow
A: small, [clumsy 2], [deformed body], mutation resistance 1, [screaming 2],
[teleportitis 2], [weak 2]
a: Heroism, Finesse, Renounce Religion


You were on level 1 of the Abyss.
You worshipped Okawaru.
Okawaru was extremely pleased with you.
You were not hungry.

You visited 3 branches of the dungeon, and saw 18 of its levels.
You visited the Abyss 1 time.
You also visited: Sewer.

You collected 1221 gold pieces.
You spent 180 gold pieces at shops.

Inventory:

Hand Weapons
 a - a +4 scimitar of flaming
 b - a +2 hunting sling of flaming
 d - a +0 morningstar of holy wrath
 g - the +9 hand crossbow "Hoil" {penet, rElec}
   (You found it on level 5 of the Lair of Beasts)

   Ammo fired by it will pass through the targets it hits, potentially hitting
   all targets in its path until it reaches maximum range.
   It insulates you from electricity.
 m - a +2 long sword of holy wrath
 A - a +1 dagger of venom
 B - a +0 blowgun
 W - the +7 hand axe of Greatest Utility (weapon) {chop, *Contam rElec Dex+2 SInv}
   (You found it on level 11 of the Dungeon)

   It inflicts extra damage upon your enemies.
   It affects your dexterity (+2).
   It insulates you from electricity.
   It lets you see invisible.
   It causes magical contamination when unequipped.
 Z - a +2 falchion of protection
Missiles
 s - 46 poisoned needles
 K - 162 sling bullets
 Y - 4 tomahawks (quivered)
Armour
 c - a +1 shield (worn)
 p - a +0 crystal plate armour (worn)
 x - +0 ice dragon scales
 C - the +5 scale mail of Immahew {-Tele Str+3 Dex+6}
   (You found it on level 4 of the Dungeon)

   It affects your strength (+3).
   It affects your dexterity (+6).
   It prevents most forms of teleportation.
 N - a +0 pair of gloves (worn)
 Q - a scarf of repulsion (worn)
 R - the +0 hat "Nudinn" (worn) {Regen+ Str+3}
   (Okawaru gifted it to you on level 4 of the Lair of Beasts)

   It affects your strength (+3).
   It increases your rate of regeneration.
 U - the +2 cloak of the Thief {+Fog Slay-2 SInv Stlth+}
   (You found it on level 10 of the Dungeon)

   It affects your accuracy and damage with ranged weapons and melee attacks
   (-2).
   It lets you see invisible.
   It makes you more stealthy.
Jewellery
 h - an amulet of guardian spirit (around neck)
 i - an uncursed ring of protection from fire
 q - an uncursed ring of protection from cold
 E - a +3 ring of dexterity (left hand)
 X - a ring of protection from magic (right hand)
Wands
 y - a wand of digging (9)
 z - a wand of acid (16)
 H - a wand of disintegration (17)
 I - a wand of flame (8)
 J - a wand of iceblast (32)
 L - a wand of polymorph (6)
 M - a wand of enslavement (4)
Scrolls
 l - 14 scrolls of teleportation
 o - 2 scrolls of blinking
 r - 3 scrolls of fear
 t - a scroll of silence
 u - 4 scrolls of remove curse
 w - a scroll of immolation
 G - a scroll of magic mapping
 O - 4 scrolls of identify
 T - a scroll of fog
Potions
 j - 2 potions of invisibility {unknown}
 k - 6 potions of agility
 n - 6 potions of mutation
 v - 2 potions of lignification
 D - 3 potions of brilliance
 F - 3 potions of flight {unknown}
 P - 2 potions of berserk rage
 S - a potion of cancellation {unknown}
Comestibles
 f - 17 rations


   Skills:
 * Level 8.0(12.1) Fighting
 - Level 9.8(16.3) Short Blades
 * Level 10.4(15.5) Long Blades
 * Level 0.2(4.5) Axes
 - Level 7.7(12.1) Slings
 * Level 3.5(7.7) Crossbows
 - Level 2.0(8.1) Throwing
 * Level 10.0(14.1) Armour
 * Level 8.3(12.4) Dodging
 * Level 8.8(12.9) Stealth
 + Level 10.6(14.6) Shields
 * Level 6.9(6.2) Invocations
 + Level 1.3(0.6) Evocations


You had 13 spell levels left.
You didn't know any spells.
Your spell library contained the following spells:

 Spells                   Type           Power        Failure   Level  Hunger
 Confusing Touch          Hex            #.....       100%        1    ##.....
 Corona                   Hex            #......      100%        1    ##.....
 Sting                    Conj/Pois      #...         100%        1    ##.....
 Summon Small Mammal      Summ           #...         100%        1    ##.....
 Call Imp                 Summ           #.......     100%        2    ###....
 Ensorcelled Hibernation  Hex/Ice        #.....       100%        2    ###....
 Poisonous Vapours        Pois/Air       #.....       100%        2    ###....
 Call Canine Familiar     Summ           #.......     100%        3    ####...
 Confuse                  Hex            #.......     100%        3    ####...
 Dazzling Spray           Conj/Hex       #.....       100%        3    ####...
 Gell's Gravitas          Tloc           #.........   100%        3    ####...
 Mephitic Cloud           Conj/Pois/Air  #.......     100%        3    ####...
 Summon Guardian Golem    Hex/Summ       #.......     100%        3    ####...
 Tukima's Dance           Hex            #.......     100%        3    ####...
 Olgreb's Toxic Radiance  Pois           #.......     100%        4    #####..
 Petrify                  Tmut/Erth      #.......     100%        4    #####..
 Summon Ice Beast         Ice/Summ       #.......     100%        4    #####..
 Summon Lightning Spire   Summ/Air       #.......     100%        4    #####..
 Bolt of Magma            Conj/Fire/Erth #.........   100%        5    ######.
 Irradiate                Conj/Tmut      #.........   100%        5    ######.
 Iskenderun's Battlesphe  Conj/Chrm      #.......     100%        5    ######.
 Metabolic Englaciation   Hex/Ice        #.........   100%        5    ######.
 Venom Bolt               Conj/Pois      #.........   100%        5    ######.
 Yara's Violent Unravell  Hex/Tmut       #.........   100%        5    ######.
 Hydra Form               Tmut           #.........   100%        6    #######
 Iron Shot                Conj/Erth      #.........   100%        6    #######
 Statue Form              Tmut/Erth      #........    100%        6    #######
 Dragon Form              Tmut           #.........   100%        7    #######
 Orb of Destruction       Conj           #.........   100%        7    #######
 Spellforged Servitor     Conj/Summ      #.........   100%        7    #######


Dungeon Overview and Level Annotations

Branches:
Dungeon (11/15)            Temple (1/1) D:6            Lair (6/6) D:9
 Shoals (0/4) Lair:3        Snake (0/4) Lair:3        Slime (0/5) Lair:5
    Orc: D:9-12

Altars:
Ashenzari
Gozag
Makhleb
Nemelex Xobeh
Okawaru
Ru
Trog
Uskayaw
Yredelemnul

Shops:
D:6 [   D:10 }

Annotations:
D:11 Sonja
Lair:5 exclusion: oklob plant


Innate Abilities, Weirdness & Mutations

You are small and have problems with some larger weapons.
You are somewhat resistant to further mutation.
[You are very clumsy. (Dex -4)]
[Armour fits poorly on your strangely shaped body.]
[You sometimes yell uncontrollably at your foes.]
[You are sometimes teleported next to monsters.]
[You are very weak. (Str -4)]


Message History

The death drake breathes miasma at you. The foul vapour engulfs you!!
You are poisoned.
* * * LOW HITPOINT WARNING * * *
The death drake bites you but does no damage.
It was a potion of resistance.
You feel protected.
You are engulfed in dark miasma.
You are more poisoned.
* * * LOW HITPOINT WARNING * * *
You feel very sick. You block the death drake's attack.
The death drake bites you but does no damage.
You hit the wretched star.
The wretched star is moderately damaged.
You hit the death drake.
You are engulfed in dark miasma.
* * * LOW HITPOINT WARNING * * *
x2 You feel very sick.
The death drake bites you!
You die...

#.. .. .. ..
##... .... # .
. #...## . .
.... ##..####
.#
##....#######
. #.....#.##..
##............
##..*k........
#...@.†.......
#....##.......
#.#.#.#
.#.#.##
###..## ....##
..# ...## ##
... . ... #


You could see a death drake and a wretched star.

Vanquished Creatures
  5 dire elephants (Lair:6)
  Snorg (D:10)
  Fannar (Lair:2)
  6 hydras
  Harold (D:8)
  An anaconda (Lair:6)
  A catoblepas (Lair:6)
  2 two-headed ogres
  Erica (Lair:2)
  A queen ant (Lair:2)
  Nergalle (D:11)
  An unseen horror (D:11)
  An oklob plant (Lair:6)
  A manticore (Lair:3)
  13 elephants
  3 black mambas
  An eye of devastation (Lair:5)
  5 spiny frogs
  A rime drake (Lair:4)
  A komodo dragon (Lair:3)
  2 polar bears (Lair:6)
  3 hornets
  Grinder (D:5)
  13 blink frogs
  8 hippogriffs
  A small abomination (Abyss:1)
  A shadow (D:11)
  2 wyverns
  A ynoxinul (Abyss:1)
  7 yaks
  A basilisk (Lair:4)
  A fire elemental (Lair:3)
  A hungry ghost (D:10)
  8 water moccasins
  2 wargs (D:9)
  8 soldier ants (Lair:2)
  9 porcupines
  A hell hound (Abyss:1)
  2 sky beasts
  2 ice beasts
  2 orc warriors
  A phantom (D:7)
  2 necrophages
  2 eyes of draining
  11 wolves
  3 centaurs
  2 ogres
  9 crocodiles
  4 big kobolds
  11 bullfrogs
  A jelly (D:7)
  3 scorpions
  15 wights
  4 killer bees (D:9)
  An electric eel (Lair:5)
  2 howler monkeys
  5 crimson imps
  A quasit (D:11)
  A lava snake (Lair:3)
  5 hounds
  A gnoll shaman (D:9)
  4 orc priests
  A bullfrog skeleton (D:9)
  11 orc wizards
  3 centaur skeletons
  An iguana (D:11)
  Jessica (D:2)
  Ijyb (D:5)
  5 hell rats (Lair:6)
  26 worker ants
  2 hound skeletons
  2 worker ant zombies
  11 gnolls
  2 howler monkey skeletons
  A river rat (D:4)
  14 adders
  2 shadow imps
  4 oozes
  6 worms
  A dart slug (D:2)
  8 leopard geckos
  37 orcs
  6 giant cockroaches
  4 hobgoblins
  6 jackals (D:2)
  24 kobolds
  3 quokkas
  2 ball pythons
  18 bats
  8 frilled lizards
  9 goblins
  A jackal skeleton (D:5)
  A leopard gecko skeleton (D:5)
  12 rats
  A fungus (Lair:3)
  4 plants (Lair:6)
450 creatures vanquished.

Vanquished Creatures (collateral kills)
  A wight (D:9)
  An orc priest (D:9)
  An orc (D:9)
3 creatures vanquished.

Vanquished Creatures (others)
  A black mamba (shapeshifter) (Abyss:1)
  A warg (D:9)
  7 fungi
  8 plants
17 creatures vanquished.

Grand Total: 470 creatures vanquished

Notes
Turn   | Place    | Note
-------+----------+-------------------------------------------
     0 | D:1      | Balder the Halfling Fighter began the quest for the Orb.
     0 | D:1      | Reached XP level 1. HP: 15/15 MP: 1/1
   175 | D:1      | Reached XP level 2. HP: 20/20 MP: 2/2
   342 | D:1      | Reached XP level 3. HP: 14/26 MP: 3/3
   699 | D:2      | Noticed Jessica
   956 | D:2      | Reached XP level 4. HP: 28/31 MP: 4/4
  1494 | D:2      | Killed Jessica
  1494 | D:2      | Reached XP level 5. HP: 35/36 MP: 5/5
  2357 | D:2      | Reached XP level 6. HP: 24/42 MP: 6/6
  2536 | D:3      | Reached skill level 1 in Dodging
  2661 | D:3      | Reached skill level 5 in Short Blades
  2743 | D:3      | Reached skill level 1 in Stealth
  3274 | D:4      | Got a transparent scale mail
  3293 | D:4      | Identified the +5 scale mail of Immahew {-Tele Str+3 Dex+6}
                  | (You found it on level 4 of the Dungeon)
  3397 | D:4      | Reached XP level 7. HP: 45/46 MP: 7/7
  3413 | D:4      | Found a glowing drain.
  3417 | Sewer    | Entered a sewer
  3506 | Sewer    | Reached skill level 5 in Shields
  4284 | D:4      | Found a sparkling altar of Nemelex Xobeh.
  4605 | D:5      | Entered Level 5 of the Dungeon
  4640 | D:5      | Reached skill level 1 in Throwing
  4771 | D:5      | Noticed a wyvern
  4790 | D:5      | HP: 1/47 [wyvern (6)]
  4797 | D:5      | Killed a wyvern
  4797 | D:5      | Reached XP level 8. HP: 14/54 MP: 0/8
  5116 | D:5      | Noticed Grinder
  5116 | D:5      | Paralysed by Grinder for 2 turns
  5127 | D:5      | Paralysed by Grinder for 5 turns
  5142 | D:5      | Killed Grinder
  5142 | D:5      | Reached skill level 5 in Armour
  5820 | D:5      | Noticed Ijyb
  5835 | D:5      | Killed Ijyb
  6571 | D:6      | Found a staircase to the Ecumenical Temple.
  6586 | D:6      | Reached XP level 9. HP: 53/58 MP: 7/9
  6598 | Temple   | Entered the Ecumenical Temple
  6621 | Temple   | Became a worshipper of Warmaster Okawaru
  6751 | D:6      | Reached skill level 1 in Slings
  6765 | D:6      | Reached skill level 1 in Long Blades
  6853 | D:6      | Found Misairia's Antique Armour Shop.
  7206 | D:7      | Reached * piety under Okawaru
  7268 | D:7      | Reached skill level 1 in Invocations
  7449 | D:7      | Found a sparkling altar of Nemelex Xobeh.
  8220 | D:7      | Noticed a hippogriff
  8239 | D:7      | Killed a hippogriff
  8429 | D:8      | Reached ** piety under Okawaru
  8449 | D:8      | Reached XP level 10. HP: 32/64 MP: 7/11
  8652 | D:8      | Paralysed by a hornet for 1 turns
  8967 | D:8      | Paralysed by a hornet for 3 turns
  8975 | D:8      | Reached skill level 5 in Fighting
  9224 | D:8      | Noticed Harold
  9261 | D:8      | Killed Harold
  9261 | D:8      | Reached *** piety under Okawaru
  9261 | D:8      | Reached skill level 5 in Stealth
  9466 | D:9      | Found a staircase to the Lair.
  9709 | D:9      | Reached **** piety under Okawaru
  9852 | D:9      | Noticed a two-headed ogre
  9871 | D:9      | Reached XP level 11. HP: 46/72 MP: 7/13
  9884 | D:9      | Killed a two-headed ogre
  9884 | D:9      | Received a gift from Okawaru
  9884 | D:9      | Reached skill level 5 in Dodging
 10807 | D:9      | Reached skill level 5 in Slings
 10975 | D:10     | Entered Level 10 of the Dungeon
 11562 | D:10     | Found Fojefiq's Gadget Emporium.
 11581 | D:10     | Found the +2 cloak of the Thief {+Fog Slay-2 SInv Stlth+}
 11665 | D:10     | Reached skill level 5 in Long Blades
 11741 | D:10     | Noticed Snorg
 12045 | Lair:1   | Entered Level 1 of the Lair of Beasts
 12187 | D:9      | HP: 3/72 [blink frog (11)]
 12189 | D:9      | HP: 1/72 [blink frog (14)]
 12260 | D:9      | Reached ***** piety under Okawaru
 14105 | Lair:2   | Noticed a queen ant
 14185 | Lair:2   | Reached XP level 12. HP: 20/79 MP: 5/15
 14589 | Lair:2   | Noticed Fannar
 14638 | Lair:2   | Killed Fannar
 14638 | Lair:2   | Received a gift from Okawaru
 15542 | Lair:2   | Killed a queen ant
 15542 | Lair:2   | Received a gift from Okawaru
 15613 | Lair:2   | Noticed Erica
 15640 | Lair:2   | Killed Erica
 16037 | Lair:2   | Got an ichor-stained robe
 16048 | Lair:2   | Identified the cursed +0 robe of Hishemiuc {+Inv rCorr}
                  | (You found it on level 2 of the Lair of Beasts)
 16373 | Lair:3   | Found a staircase to the Snake Pit.
 16557 | Lair:3   | Found a staircase to the Shoals.
 16569 | Lair:3   | Received a gift from Okawaru
 17406 | Lair:4   | Noticed a six-headed hydra
 17420 | Lair:4   | Killed a three-headed hydra
 17420 | Lair:4   | Reached skill level 5 in Invocations
 17957 | Lair:4   | Noticed a five-headed hydra
 17966 | Lair:4   | Killed a one-headed hydra
 17966 | Lair:4   | Received a gift from Okawaru
 17966 | Lair:4   | Reached skill level 1 in Evocations
 17969 | Lair:4   | Got a shimmering hat {god gift}
 17975 | Lair:4   | Identified the +0 hat "Nudinn" {Regen+ Str+3} (Okawaru
                  | gifted it to you on level 4 of the Lair of Beasts)
 18558 | Lair:5   | Found a staircase to the Slime Pits.
 18803 | Lair:4   | Reached XP level 13. HP: 83/85 MP: 16/16
 19009 | Lair:5   | Noticed a seven-headed hydra
 19024 | Lair:5   | Killed a one-headed hydra
 19208 | Lair:5   | Reached skill level 10 in Shields
 19316 | Lair:5   | Got an iridescent hand crossbow
 19319 | Lair:5   | Identified the +9 hand crossbow "Hoil" {penet, rElec} (You
                  | found it on level 5 of the Lair of Beasts)
 19740 | Lair:6   | Entered Level 6 of the Lair of Beasts
 19821 | Lair:6   | Noticed an eight-headed hydra
 19829 | Lair:6   | Noticed a five-headed hydra
 19835 | Lair:6   | Killed a four-headed hydra
 19835 | Lair:6   | Reached skill level 1 in Crossbows
 19841 | Lair:6   | Noticed a catoblepas
 19843 | Lair:6   | Killed a one-headed hydra
 19843 | Lair:6   | Received a gift from Okawaru
 19858 | Lair:6   | Killed a catoblepas
 19958 | Lair:6   | Received a gift from Okawaru
 19977 | Lair:6   | Received a gift from Okawaru
 20171 | Lair:6   | Noticed a seven-headed hydra
 20185 | Lair:6   | Killed a one-headed hydra
 21178 | Lair:6   | Reached XP level 14. HP: 83/92 MP: 16/18
 21531 | Lair:6   | Noticed a dire elephant
 21531 | Lair:6   | Noticed a dire elephant
 21574 | Lair:6   | Killed a dire elephant
 21590 | Lair:6   | Killed a dire elephant
 21626 | Lair:6   | Noticed a dire elephant
 21641 | Lair:6   | Killed a dire elephant
 21641 | Lair:6   | Reached skill level 10 in Long Blades
 21832 | Lair:6   | Noticed a dire elephant
 21854 | Lair:6   | Killed a dire elephant
 21909 | Lair:6   | Noticed a dire elephant
 21929 | Lair:6   | Noticed a dire elephant
 21952 | Lair:6   | Killed a dire elephant
 22266 | D:10     | Killed Snorg
 22445 | D:10     | Bought a wand of iceblast (11) for 180 gold pieces
 22605 | D:11     | Noticed Nergalle
 22628 | D:11     | Killed Nergalle
 22628 | D:11     | Received a gift from Okawaru
 23058 | D:11     | Noticed Sonja
 23498 | D:11     | Got a smoking hand axe
 23550 | D:11     | Reached skill level 10 in Armour
 23576 | D:11     | Got an ancient hand axe
 23581 | D:11     | Identified the cursed +1 hand axe "Kigish" {chop, rC- rN++
                  | MR+++} (You found it on level 11 of the Dungeon)
 23583 | D:11     | Identified the +7 hand axe of Greatest Utility {chop,
                  | *Contam rElec Dex+2 SInv} (You found it on level 11 of the
                  | Dungeon)
 23652 | D:11     | Cast into level 1 of the Abyss (Sonja)
 23652 | Abyss:1  | Found a corrupted altar of Lugonu.
 23757 | Abyss:1  | Slain by a death drake

Skill      XL: |  1  2  3  4  5  6  7  8  9 10 11 12 13 14 |
---------------+-------------------------------------------+-----
Fighting       | 3 4 5 6 7 8 |  8.0
Short Blades   | 3 4 5 6 7 8 9 |  9.8
Shields        | 4 5 6 7 8 9 10 | 10.6
Dodging        | 1 2 3 4 6 7 8 |  8.3
Armour         | 4 5 6 7 8 9 10 | 10.0
Stealth        | 1 2 3 4 5 6 7 8 |  8.8
Throwing       | 1 2 |  2.0
Slings         | 3 4 5 7 |  7.7
Long Blades    | 2 3 6 7 9 10 | 10.4
Invocations    | 2 4 5 6 |  6.9
Evocations     | 1 |  1.3
Crossbows      | 2 3 |  3.5
Axes           | |  0.2

Action                   |  1- 3 |  4- 6 |  7- 9 | 10-12 | 13-15 || total
-------------------------+-------+-------+-------+-------+-------++-------
Melee: Rapier            |   101 |   280 |   591 |   187 |       ||  1159
       Falchion          |       |       |    19 |     5 |       ||    24
       Long sword        |       |       |       |   554 |       ||   554
       Scimitar          |       |       |       |   124 |   545 ||   669
       Hand axe          |       |       |       |       |    19 ||    19
 Fire: Blowgun           |       |    10 |    13 |    24 |       ||    47
       Hunting sling     |       |       |       |    39 |     9 ||    48
Throw: Throwing net      |       |       |       |     2 |       ||     2
       Tomahawk          |       |       |       |     4 |       ||     4
Invok: Heroism           |       |       |       |    11 |    11 ||    22
       Finesse           |       |       |       |     1 |     1 ||     2
Evoke: Wand              |       |       |     1 |    18 |    20 ||    39
  Use: Scroll            |       |     2 |     5 |    18 |    10 ||    35
       Potion            |       |       |     5 |    14 |     9 ||    28
 Stab: Sleeping          |       |       |       |       |     1 ||     1
  Eat: Chunk             |       |     5 |    12 |     9 |     4 ||    30
       Ration            |       |     1 |     2 |     8 |     3 ||    14
Armor: Scale mail        |    48 |   103 |   110 |       |       ||   261
       Plate armour      |       |       |    52 |   189 |       ||   241
       Ice dragon scales |       |       |       |   101 |    71 ||   172
       Crystal plate arm |       |       |       |       |   249 ||   249
Dodge: Dodged            |    34 |   120 |   150 |   395 |   278 ||   977
       Deflected         |       |       |       |       |     7 ||     7
Block: Shield            |    67 |   182 |   278 |   652 |   423 ||  1602
       Rpst.: Long sword |       |       |       |    80 |       ||    80
       Scimitar          |       |       |       |    30 |    41 ||    71
